 Dungeon Crawl Stone Soup version 0.31.0-32-g396128a36d (webtiles) character file.

Game seed: 5377543096753568737

18372 bearlyready the Severer (level 12, 0/103 HPs)
             Began as a Hill Orc Berserker on Mar 31, 2024.
             Was a High Priest of Trog.
             Slain by a polar bear (4 damage)
             ... in an ice cave.
             The game lasted 00:17:01 (8365 turns).

bearlyready the Severer (Hill Orc Berserker)        Turns: 8365, Time: 00:17:02

Health: 0/103      AC: 17    Str: 25    XL:     12   Next: 57%
Magic:  4/4        EV:  7    Int:  3    God:    Trog [*****.]
Gold:   857        SH:  0    Dex: 10    Spells: 11/11 levels left

rFire   + + .        T - +7 executioner's axe (antimagic)
rCold   + + .        (shield currently unavailable)
rNeg    . . .        Z - +2 plate armour {rC+}
rPois   .            b - -1 helmet of Lofoenum {Regen+ rCorr Int-4 Stlth+}
rElec   .            r - +0 cloak
rCorr   +            e - +1 pair of gloves "Plog" {rF+++ SInv}
SInv    +            Y - +0 pair of boots
Will    .....        t - amulet of regeneration Stlth
                     M - ring of ice
HPRegen 1.97/turn    s - ring of flight
MPRegen 0.09/turn

%: no passive effects
@: on berserk cooldown, flying, slowed, very slow
A: no striking features
a: Renounce Religion, Berserk, Trog's Hand, Brothers in Arms


You were in an ice cave.
You worshipped Trog.
Trog was extremely pleased with you.
You visited 1 branch of the dungeon, and saw 11 of its levels.
You also visited: Ice Cave.

You collected 857 gold pieces.

Inventory:

Hand Weapons
 a - a +0 hand axe
 F - a +2 war axe of flaming
 T - a +7 antimagic executioner's axe (weapon)
Missiles
 f - 18 poisoned darts
 B - 6 javelins
 C - 3 boomerangs
 H - 2 silver javelins
Armour
 b - the -1 helmet of Lofoenum (worn) {Regen+ rCorr Int-4 Stlth+}
   (You found it in an ice cave)

   Int-4:     It affects your intelligence (-4).
   Regen+:    It increases your rate of health regeneration.
   rCorr:     It protects you from acid and corrosion.
   Stlth+:    It makes you more stealthy.
 e - the +1 pair of gloves "Plog" (worn) {rF+++ SInv}
   (You acquired it on level 11 of the Dungeon)

   rF+++:     It renders you almost immune to fire.
   SInv:      It lets you see invisible.
 r - a +0 cloak (worn)
 V - a +0 scale mail of cold resistance
 Y - a +0 pair of boots (worn)
 Z - a +2 plate armour of cold resistance (worn)
Jewellery
 p - a ring of resist corrosion
 s - a ring of flight (right hand)
 t - an amulet of regeneration (around neck)
 u - a ring of positive energy
 I - a ring of poison resistance
 M - a ring of ice (left hand)
Wands
 w - a wand of mindburst (15)
 K - a wand of polymorph (11)
 L - a wand of paralysis (8)
 X - a wand of iceblast (4)
Scrolls
 g - a scroll of torment
 j - a scroll of fear
 k - a scroll of poison
 l - a scroll of enchant weapon
 m - 7 scrolls of teleportation
 y - a scroll of blinking
 z - a scroll of butterflies
 N - 2 scrolls of silence
 P - 2 scrolls of amnesia
 Q - a scroll of brand weapon
 R - a scroll of noise
 S - 2 scrolls of vulnerability
Potions
 c - 2 potions of brilliance {unknown}
 d - 2 potions of haste {unknown}
 h - a potion of berserk rage {unknown}
 i - 2 potions of degeneration {unknown}
 n - 2 potions of cancellation {unknown}
 q - 4 potions of heal wounds {unknown}
 v - 2 potions of magic {unknown}
 x - 4 potions of curing {unknown}
 A - 3 potions of enlightenment {unknown}
 E - a potion of resistance {unknown}
 J - 2 potions of ambrosia {unknown}
 O - 2 potions of might {unknown}
 W - a potion of attraction {unknown}


   Skills:
 + Level 8.6 Fighting
 + Level 17.8 Axes
 - Level 4.0 Throwing
 - Level 2.1 Armour
 - Level 1.5 Dodging
 + Level 12.8 Evocations


You had 11 spell levels left.
You didn't know any spells.
Your spell library was empty.

Dungeon Overview and Level Annotations

Branches:
Dungeon (11/15)            Temple (0/1) D:4            Lair (0/5) D:10
  IceCv (1/1)
    Orc: D:9-12

Altars:
Cheibriados
Gozag

Shops:
D:6 :

Annotations:
D:8 3 runed translucent doors, bearlyready's ghost, novice HOBe
D:10 exclusion: orange crystal statue
D:11 3 runed translucent doors, Rangus's ghost, novice GnWn


Message History

You are no longer berserk.
You are exhausted.
You feel yourself slow down.
The polar bear goes berserk!
You hit the polar bear.
The polar bear is severely wounded.
The polar bear barely misses you. x2; The polar bear claws you.
The polar bear completely misses you.
The polar bear claws you but does no damage. x2
You slash the polar bear!
The polar bear is almost dead.
The polar bear bites you.
The polar bear claws you but does no damage. x2
The polar bear bites you!!
The polar bear claws you but does no damage. x2
The polar bear completely misses you.
The polar bear claws you but does no damage.
The polar bear claws you.
You hit the polar bear.
The polar bear is almost dead.
The polar bear bites you!
The polar bear claws you but does no damage. x2
The polar bear bites you!!
* * * LOW HITPOINT WARNING * * *
The polar bear barely misses you.
The polar bear claws you but does no damage.
You barely miss the polar bear.
The polar bear is almost dead.
The polar bear bites you!
* * * LOW HITPOINT WARNING * * *
The polar bear claws you.
* * * LOW HITPOINT WARNING * * *
The polar bear claws you but does no damage.
The polar bear bites you!!
* * * LOW HITPOINT WARNING * * *
The polar bear claws you but does no damage.
The polar bear barely misses you.
You barely miss the polar bear.
The polar bear is almost dead.
The polar bear bites you.
You die...

# ######### #.
###...##~~≈ ...
##..##.†~#~~ ....
#..#####.~~# #....
########..#....###
#.h.##@..##...#..#.....
#.†h##...#########.⌠.
########## #[.[ ####


You could see a polar bear (berserk).

Vanquished Creatures
  A frost giant (IceCv)
  Fannar (D:10)
  A boulder beetle (D:8)
  6 two-headed ogres
  A tengu warrior (D:8)
  2 death yaks (IceCv)
  A cyclops (D:11)
  An ice statue (IceCv)
  An unseen horror (D:11)
  2 rime drakes (D:11)
  Maggie (D:6)
  2 trolls (D:10)
  8 polar bears (IceCv)
  2 hornets
  5 yaks (IceCv)
  Eustachio (D:5)
  3 wyverns (D:10)
  2 steam dragons
  Menkaure (D:4)
  An acid dragon (D:9)
  3 water moccasins
  An ice beast (D:7)
  2 sky beasts
  5 black bears
  8 wolves
  2 ogres (D:5)
  5 centaurs
  2 kobold brigands
  A gnoll sergeant (D:5)
  5 bullfrogs
  2 scorpions
  6 wights (D:8)
  3 killer bees (D:8)
  3 electric eels (D:9)
  4 howler monkeys (D:11)
  6 crimson imps (D:6)
  3 hounds
  A bombardier beetle (D:5)
  5 orc priests
  A jelly (D:6)
  4 iguanas
  3 sleepcaps
  8 orc wizards
  5 adders
  11 gnolls
  2 shadow imps
  5 white imps
  4 ufetubi (D:5)
  2 ribbon worms
  24 orcs
  8 endoplasms
  2 giant cockroaches (D:1)
  5 goblins
  11 hobgoblins
  4 jackals (D:2)
  6 quokkas
  8 ball pythons
  7 bats
  2 frilled lizards (D:1)
  15 kobolds
  4 rats
251 creatures vanquished.

Vanquished Creatures (collateral kills)
  A death yak (IceCv)
1 creature vanquished.

Vanquished Creatures (others)
  A kobold (D:9)
1 creature vanquished.

Grand Total: 253 creatures vanquished

Notes
Turn   | Place    | Note
-------+----------+-------------------------------------------
     0 | D:1      | bearlyready the Hill Orc Berserker began the quest for the
                  | Orb.
     0 | D:1      | Reached XP level 1. HP: 19/19 MP: 1/1
    58 | D:1      | Reached XP level 2. HP: 19/26 MP: 2/2
   210 | D:1      | Reached skill level 5 in Axes
   552 | D:1      | Reached XP level 3. HP: 27/31 MP: 3/3
   637 | D:1      | Reached ** piety under Trog
   800 | D:1      | Found a faded altar of an unknown god.
   995 | D:2      | Reached skill level 6 in Axes
  1212 | D:2      | Reached XP level 4. HP: 35/39 MP: 4/4
  1651 | D:3      | Reached skill level 1 in Throwing
  2114 | D:4      | Found a staircase to the Ecumenical Temple.
  2170 | D:4      | Reached *** piety under Trog
  2228 | D:4      | Noticed Menkaure
  2235 | D:4      | Reached XP level 5. HP: 45/45 MP: 5/5
  2238 | D:4      | Killed Menkaure
  2239 | D:4      | Reached skill level 7 in Axes
  2239 | D:4      | Reached XP level 6. HP: 51/51 MP: 6/6
  2454 | D:5      | Entered Level 5 of the Dungeon
  2583 | D:5      | Reached skill level 1 in Evocations
  2595 | D:5      | Reached skill level 8 in Axes
  2595 | D:5      | Reached XP level 7. HP: 57/57 MP: 7/7
  3151 | D:5      | Reached skill level 9 in Axes
  3190 | D:5      | Noticed Eustachio
  3211 | D:5      | Killed Eustachio
  3212 | D:5      | Reached XP level 8. HP: 64/64 MP: 8/8
  3602 | D:6      | Reached **** piety under Trog
  3672 | D:6      | Found Buawudaa's Book Shoppe.
  3790 | D:6      | Reached skill level 10 in Axes
  3870 | D:6      | Reached skill level 5 in Evocations
  4383 | D:6      | Noticed Maggie
  4391 | D:6      | Killed Maggie
  4392 | D:6      | Reached skill level 11 in Axes
  4392 | D:6      | Reached XP level 9. HP: 28/70 MP: 9/9
  4709 | D:7      | Reached skill level 12 in Axes
  5478 | D:8      | Found a runed translucent gate.
  5478 | D:8      | Found a runed translucent gate.
  5480 | D:8      | Found an opulent altar of Gozag.
  5480 | D:8      | Noticed a tengu warrior
  5492 | D:8      | Killed a tengu warrior
  5493 | D:8      | Reached skill level 13 in Axes
  5493 | D:8      | Reached XP level 10. HP: 77/77 MP: 10/10
  5521 | D:8      | Noticed a boulder beetle
  5548 | D:8      | Killed a boulder beetle
  5554 | D:8      | Reached skill level 14 in Axes
  5591 | D:8      | Noticed a two-headed ogre
  5595 | D:8      | Killed a two-headed ogre
  5626 | D:8      | Reached ***** piety under Trog
  5654 | D:8      | Found a snail-covered altar of Cheibriados.
  5681 | D:8      | Found a runed translucent gate.
  5681 | D:8      | Noticed a boulder beetle
  5681 | D:8      | Noticed bearlyready's ghost (novice HOBe)
  6201 | D:9      | Reached skill level 10 in Evocations
  6329 | D:9      | Reached skill level 15 in Axes
  6550 | D:10     | Entered Level 10 of the Dungeon
  6598 | D:10     | Noticed a two-headed ogre
  6617 | D:10     | Killed a two-headed ogre
  6618 | D:10     | Reached XP level 11. HP: 36/82 MP: 11/11
  6736 | D:10     | Noticed a two-headed ogre
  6747 | D:10     | Killed a two-headed ogre
  6811 | D:10     | Noticed Fannar
  6826 | D:10     | Killed Fannar
  6839 | D:10     | Noticed an orange crystal statue
  6962 | D:10     | Found a staircase to the Lair.
  6966 | D:10     | Reached skill level 16 in Axes
  7686 | D:11     | Noticed a cyclops
  7699 | D:11     | Killed a cyclops
  7715 | D:11     | Identified a scroll of acquirement
  7715 | D:11     | Acquired the +1 pair of gloves "Plog" {rF+++ SInv}
  7729 | D:11     | Noticed a two-headed ogre
  7743 | D:11     | Killed a two-headed ogre
  7743 | D:11     | Received a gift from Trog
  7744 | D:11     | Reached skill level 5 in Fighting
  7798 | D:11     | Noticed a two-headed ogre
  7804 | D:11     | Killed a two-headed ogre
  7883 | D:11     | Noticed a cyan ugly thing
  7883 | D:11     | Noticed a green ugly thing
  7900 | D:11     | Noticed a two-headed ogre
  7908 | D:11     | Killed a two-headed ogre
  7950 | D:11     | Noticed a deep elf knight
  7951 | D:11     | Noticed Rangus's ghost (novice GnWn)
  7956 | D:11     | Found a runed translucent gate.
  7956 | D:11     | Found a runed translucent gate.
  7956 | D:11     | Found a runed translucent gate.
  7975 | D:11     | Found a frozen archway.
  7981 | D:11     | Reached skill level 17 in Axes
  7985 | IceCv    | Entered an ice cave
  8017 | IceCv    | Reached XP level 12. HP: 82/97 MP: 4/12
  8186 | IceCv    | Identified the -1 helmet of Lofoenum {Regen+ rCorr Int-4
                  | Stlth+}
  8236 | IceCv    | Noticed a death yak
  8236 | IceCv    | Noticed a death yak
  8237 | IceCv    | Noticed a death yak
  8244 | IceCv    | Killed a death yak
  8247 | IceCv    | Killed a death yak
  8249 | IceCv    | Killed a death yak
  8318 | IceCv    | Noticed a frost giant
  8351 | IceCv    | Killed a frost giant
  8364 | IceCv    | HP: 1/103 [polar bear (19)]
  8365 | IceCv    | Slain by a polar bear

Illustrated notes

Levels and vault maps discovered:
D:1:      sevenhm_arrival_forest_fort_small_6, layout_basic,
          dreamdust_ecumenical_altar_angels_and_demons
D:2:      layout_rooms
D:3:      minmay_wonky_spiral, layout_rooms
D:4:      layout_basic, minmay_temple_entry_glass, uniq_menkaure
D:5:      layout_gridville, uniq_eustachio
D:6:      layout_loops_ring, serial_shops, nicolae_diamond_shop,
          serial_co_window_serial, co_window_paths_b,
          co_window_of_opportunity_a, co_window_paths_a, co_window_paths_a,
          co_window_paths_b, co_window_corner_ca, co_window_cross_2,
          co_window_corner_ca, co_window_broadway_b, co_window_broadway_c,
          co_window_broadway_a, co_window_corner_b, glass_columns_c,
          glass_columns_b, minmay_nine_imps, uniq_pikel, uniq_maggie
D:7:      layout_basic
D:8:      layout_loops_cross, cheibriados_altar_1, ebering_ghost_gozag,
          chequers_serial_rivers_room_a, minmay_chambers_of_fives
D:9:      layout_rooms, serial_bayou_lake_a
D:10:     layout_irregular_city, minmay_lair_entry_grove,
          minmay_protected_statue, uniq_fannar
D:11:     layout_long_grid, hiddenorc1_lemuel, gammafunk_ghost_split,
          portal_ice_cave_rime, trove_entry_hex_spiral
IceCv:    ice_cave_caverns_03

Skill      XL: |  1  2  3  4  5  6  7  8  9 10 11 12 |
---------------+-------------------------------------+-----
Axes           | 5 6 7 8 9 11 13 15 17 | 17.8
Throwing       | 1 2 3 4 |  4.0
Evocations     | 1 4 6 8 10 12 | 12.8
Fighting       | 6 8 |  8.6
Armour         | |  2.1
Dodging        | |  1.5

Action                     |  1- 3 |  4- 6 |  7- 9 | 10-12 || total
---------------------------+-------+-------+-------+-------++-------
  Melee: Hand axe          |   116 |   125 |   298 |       ||   539
         Punch             |     1 |       |     2 |     2 ||     5
         War axe           |       |       |    97 |   187 ||   284
         Executioner's axe |       |       |       |   112 ||   112
  Throw: Dart              |     2 |     1 |       |    18 ||    21
         Boomerang         |       |       |     4 |     8 ||    12
         Throwing net      |       |       |       |     4 ||     4
 Invoke: Berserk           |     1 |     2 |     4 |     2 ||     9
         Trog's Hand       |       |       |       |     1 ||     1
         Brothers in Arms  |       |       |       |     1 ||     1
  Evoke: Wand              |       |     2 |     3 |    13 ||    18
    Use: Scroll            |       |       |     1 |    14 ||    15
   Stab: Sleeping          |     1 |       |       |       ||     1
         Paralysed         |       |       |     6 |     6 ||    12
         Held in net/web   |       |       |       |     4 ||     4
 Armour: Animal skin       |    66 |    38 |       |       ||   104
         Chain mail        |       |    65 |   150 |       ||   215
         Ring mail         |       |       |   163 |   188 ||   351
         Plate armour      |       |       |       |    60 ||    60
         Scale mail        |       |       |       |    24 ||    24
  Dodge: Dodged            |    84 |    67 |   171 |   169 ||   491
